 Dungeon Crawl Stone Soup version 0.25-a0-156-g0c4bda3fdf (webtiles) character file.

Game seed: 3065092099256165619, levelgen mode: deterministic

820 MisterFreud the Nimble (level 7, 0/32 HPs)
             Began as a Felid Wanderer on Nov 20, 2019.
             Was a Follower of Uskayaw.
             Splashed by a jelly's acid (2 damage)
             ... on level 7 of the Dungeon.
             The game lasted 00:13:50 (7232 turns).

MisterFreud the Nimble (Felid Wanderer)             Turns: 7232, Time: 00:13:50

Health: 0/32       AC: -14   Str: 10    XL:     7   Next: 63%
Magic:  12/12      EV: 23    Int: 19    God:    Uskayaw [*.....]
Gold:   276        SH:  0    Dex: 12    Spells: 8/8 levels left
                                        Lives:  0   Deaths: 2

rFire    . . .     SeeInvis +     - Unarmed
rCold    . . .     Gourm    .   (shield unavailable)
rNeg     . . .     Faith    .   (armour unavailable)
rPois    .         Spirit   .   (helmet unavailable)
rElec    .         Reflect  .   (cloak unavailable)
rCorr    .         Harm     .   (gloves unavailable)
MR       +....                  (boots unavailable)
Stlth    +++.......             (no amulet)
HPRegen  0.10/turn              j - +2 ring of strength
MPRegen  0.13/turn              n - +4 ring of slaying

@: corroded, quick
A: very small, no armour, no weapons or thrown items, stealth, claws 1, fangs 3,
see invisible, carnivore, speed 1, shaggy fur 2, slow metabolism 1, sharp paws
a: Stomp, Renounce Religion


You were on level 7 of the Dungeon.
You worshipped Uskayaw.
Uskayaw was noncommittal.
You were very full.

You visited 2 branches of the dungeon, and saw 8 of its levels.

You collected 276 gold pieces.

Inventory:

Jewellery
 d - an uncursed ring of ice
 j - a +2 ring of strength (left paw)
 n - a +4 ring of slaying (right paw)
 o - an uncursed ring of ice
 t - an uncursed ring of magical power
Wands
 m - a wand of iceblast (3)
 s - a wand of acid (9)
Scrolls
 b - 2 scrolls of teleportation
 g - 5 scrolls of remove curse
 k - a scroll of magic mapping
 l - a scroll of fog
 p - 2 scrolls of amnesia
Potions
 a - a potion of lignification
 e - 2 potions of cancellation
 f - 2 potions of curing
 h - a potion of resistance {unknown}
 i - 6 potions of heal wounds
 q - a potion of agility
 r - 2 potions of brilliance
 u - a potion of flight {unknown}
 v - a potion of mutation {unknown}
Comestibles
 c - 12 rations


   Skills:
 - Level 4.0 Fighting
 - Level 10.0 Dodging
 + Level 5.4 Stealth
 - Level 6.1 Unarmed Combat
 - Level 1.0 Spellcasting
   Level 3.0 Translocations
 + Level 3.0 Invocations
 + Level 5.5 Evocations


You had 8 spell levels left.
You didn't know any spells.
Your spell library contained the following spells:

 Spells                   Type           Power        Failure   Level  Hunger
 Sting                    Conj/Pois      #...         19%         1    ##.....
 Poisonous Vapours        Pois/Air       #.....       28%         2    ###....
 Mephitic Cloud           Conj/Pois/Air  #.......     50%         3    ####...
 Olgreb's Toxic Radiance  Pois           #.......     88%         4    #####..
 Venom Bolt               Conj/Pois      #.........   99%         5    ######.


Dungeon Overview and Level Annotations

Branches:
Dungeon (7/15)             Temple (1/1) D:5

Altars:
Dithmenos
Elyvilon
Fedhas
Gozag
Makhleb
Nemelex Xobeh
Okawaru
Ru
Sif Muna
Uskayaw
Vehumet
Wu Jian
Zin
The Shining One

Shops:
D:5 [([(   D:7 !

Annotations:
D:4 1 runed translucent door, Crazy Yiuf


Innate Abilities, Weirdness & Mutations

You cannot wear armour.
You are incapable of wielding weapons or throwing items.
Your paws allow you to move quietly. (Stealth)
You have sharp claws.
You have razor-sharp teeth.
You have supernaturally acute eyesight. (SInv)
You are carnivorous and can eat meat at any time.
You cover ground quickly.
You are covered in thick fur. (AC +2)
You have a slow metabolism.
Your sharp claws are effective at attacking unaware monsters.


Message History

You eat one of the 3 chunks of flesh.
This raw flesh tastes great.
Eating one of 2 chunks of flesh.
You eat one of the 2 chunks of flesh.
This raw flesh tastes great.
Eating a chunk of flesh.
You eat the chunk of flesh.
This raw flesh tastes great.
You can no longer pass through a line of other dancers.
A jelly comes into view.
Unknown command.
Unknown command.
The jelly quivers.
The jelly hits you. The acid corrodes you!
You are splashed with acid!
You are too injured to fight recklessly!
You are too injured to fight recklessly!
You are too injured to fight recklessly!
You scratch the jelly but do no damage. The acid corrodes you!
Your paws burn!
You barely miss the jelly. The jelly hits you. The acid corrodes you!
You are splashed with acid!
* * * LOW HITPOINT WARNING * * *
You scratch the jelly but do no damage. The acid corrodes you!
Your paws burn!
You die...

.###.##### #. #...# ###
#.## .###.# #.# #...#
#.## .....# #.# #..(#
#.## ######
#.###...#### #.#
######.#)..........#.
.......#.#...#######.##
#......#...... #...
#.^....#.##### ####
#..@..$#.# #.
##J#####.# #. #. ..#
####. .. ##### .....
... #...# #... ....
#...# #... ..... #...#
#... #..... #...# #....
#...# .....


You could see a jelly.

Vanquished Creatures
  Grinder (D:3)
  Sigmund (D:3)
  Duvessa (D:4)
  2 ice beasts
  2 sky beasts
  2 centaurs
  A big kobold (D:7)
  A bullfrog (D:7)
  A scorpion (D:6)
  Dowan (D:4)
  4 wights (D:6)
  2 crimson imps
  A jelly (D:7)
  A bullfrog skeleton (D:6)
  A centaur zombie (D:7)
  A hound (D:4)
  A centaur skeleton (D:5)
  2 orc priests
  4 orc wizards
  Natasha (thrice) (D:3)
  4 worker ants
  A hound zombie (D:5)
  A worker ant zombie (D:5)
  11 adders
  3 shadow imps
  An ooze (D:5)
  4 adder skeletons
  A worm (D:3)
  A dart slug (D:2)
  2 leopard geckos
  20 orcs
  8 bats
  3 giant cockroaches
  7 goblins
  4 hobgoblins
  8 jackals
  2 ball pythons (D:3)
  4 frilled lizards
  16 kobolds
  A leopard gecko skeleton (D:4)
  5 rats
140 creatures vanquished.

Notes
Turn   | Place    | Note
-------+----------+-------------------------------------------
     0 | D:1      | MisterFreud the Felid Wanderer began the quest for the Orb.
     0 | D:1      | MisterFreud set off with the following items: a potion of
                  | lignification, a scroll of teleportation, a ration
     0 | D:1      | Reached XP level 1. HP: 11/11 MP: 3/3
   223 | D:1      | Reached skill level 1 in Unarmed Combat
   306 | D:1      | Reached XP level 2. HP: 14/15 MP: 4/4
  1241 | D:2      | Reached XP level 3. HP: 17/18 MP: 5/5
  1687 | D:3      | Noticed Grinder
  1701 | D:3      | Killed Grinder
  1701 | D:3      | Reached skill level 5 in Unarmed Combat
  1701 | D:3      | Reached XP level 4. HP: 8/22 MP: 6/6
  1701 | D:3      | Reached XP level 5. HP: 9/25 MP: 7/7
  2462 | D:2      | Gained mutation: You are covered in thick fur. (AC +2)
                  | [Felid growth]
  2462 | D:2      | Reached XP level 6. HP: 28/28 MP: 8/8
  2665 | D:3      | Noticed Natasha
  2669 | D:3      | Killed Natasha
  2682 | D:3      | Noticed Sigmund
  2859 | D:3      | Killed Sigmund
  2859 | D:3      | Reached skill level 3 in Dodging
  2951 | D:3      | Noticed Natasha
  2969 | D:3      | Killed Natasha
  3076 | D:3      | Noticed Natasha
  3081 | D:3      | Killed Natasha
  3081 | D:3      | Reached XP level 7. HP: 15/32 MP: 8/10
  3492 | D:4      | Reached skill level 4 in Dodging
  3945 | D:4      | Noticed Duvessa
  3945 | D:4      | Noticed Dowan
  3949 | D:4      | Killed Dowan
  3950 | D:4      | You fall into a shaft and drop 1 floor!
  3950 | D:5      | Entered Level 5 of the Dungeon
  3950 | D:5      | Found Qoneonn's Armour Emporium.
  3958 | D:5      | Found a white marble altar of Elyvilon.
  4124 | D:4      | Killed Duvessa
  4124 | D:4      | Reached skill level 5 in Dodging
  4137 | D:4      | Found a runed translucent door.
  4138 | D:4      | Noticed Crazy Yiuf
  4523 | D:5      | Found Xolum's Weapon Shoppe.
  4642 | D:5      | Reached skill level 6 in Dodging
  4668 | D:5      | Found a staircase to the Ecumenical Temple.
  4677 | Temple   | Entered the Ecumenical Temple
  4741 | Temple   | Became a worshipper of Uskayaw the Reveler
  4757 | D:5      | Reached * piety under Uskayaw
  4759 | D:5      | Reached skill level 7 in Dodging
  4759 | D:5      | Reached XP level 8. HP: 27/36 MP: 12/12
  4784 | D:5      | Found an ornate altar of the Wu Jian Council.
  4813 | D:5      | Reached ** piety under Uskayaw
  5327 | D:5      | Found Diuqixat's Antique Armour Emporium.
  5353 | D:5      | Found Cudaowni's Weapon Shoppe.
  5359 | D:5      | Reached skill level 8 in Dodging
  5568 | D:5      | Reached skill level 9 in Dodging
  6004 | D:6      | Reached skill level 10 in Dodging
  6325 | D:6      | Reached skill level 1 in Invocations
  6919 | D:7      | Found Aduami's Distillery.
  6931 | D:7      | Reached skill level 5 in Evocations
  7031 | D:7      | Splashed by a jelly's acid
  7032 | D:7      | Reached XP level 7. HP: -2/32 MP: 11/11
  7049 | D:7      | Slain by an ice beast
  7050 | D:7      | Reached XP level 6. HP: -3/28 MP: 10/10
  7064 | D:7      | Reached XP level 7. HP: 31/32 MP: 11/11
  7064 | D:7      | Reached *** piety under Uskayaw
  7133 | D:7      | Reached **** piety under Uskayaw
  7157 | D:7      | Reached skill level 5 in Stealth
  7232 | D:7      | Splashed by a jelly's acid

Levels and vault maps discovered:
D:1:      roderic_dead_forest, layout_basic, grunt_decor_clamped,
          roderic_roman_lattice
D:2:      layout_basic, kennysheep_doodads, kennysheep_generic_room_15
D:3:      layout_loops_ring, skrybe_limestone_x, uniq_natasha, uniq_sigmund,
          uniq_grinder
D:4:      layout_loops_corners, first_ration, uniq_duvessa,
          uniq_crazy_yiuf_cottage
D:5:      layout_basic, nicolae_overflow_crystal_walls, elyvilon_altar_5,
          minmay_temple_entry_grid, serial_shops, shop, kennysheep_little_box,
          shop, shop_fountains
D:6:      layout_basic
D:7:      layout_basic, serial_shops, shop
Temple:   regret_index_temple_chain_breaker

Skill      XL: |  1  2  3  4  5  6  7  8 |
---------------+-------------------------+-----
Unarmed Combat | 1 2 5 6 |  6.1
Dodging        | 3 7 10 | 10.0
Evocations     | 2 4 5 |  5.5
Stealth        | 5 4 |  5.4
Invocations    | 3 2 |  3.0
Fighting       | |  4.0
Spellcasting   | |  1.0
Translocations | |  3.0

Action                   |  1- 3 |  4- 6 |  7- 9 || total
-------------------------+-------+-------+-------++-------
Melee: Unarmed           |   102 |    82 |   241 ||   425
       Bite              |     5 |     3 |    24 ||    32
       Punch             |       |       |     8 ||     8
Evoke: Wand              |       |     2 |     4 ||     6
  Use: Scroll            |     4 |     1 |     9 ||    14
       Potion            |     1 |     1 |       ||     2
 Stab: Sleeping          |     7 |     4 |    15 ||    26
       Paralysed         |       |       |     2 ||     2
       Distracted        |       |       |     2 ||     2
  Eat: Chunk             |     7 |     4 |    11 ||    22
Armor: Skin              |    14 |     6 |     3 ||    23
Dodge: Dodged            |    68 |    61 |   142 ||   271

Table legend:
 A = Non-vault XP
 B = Vault XP
 C = Vault XP percentage of total XP
 D = Non-vault monster count
 E = Vault monster count
 F = Vault count percentage of total count
                 A         B        C        D         E       F
            +---------+---------+-------+---------+---------+-------
      Total |    2428 |     744 |  23.5 |     135 |       5 |   3.6
            +---------+---------+-------+---------+---------+-------
        D:1 |      27 |       0 |   0.0 |      16 |       0 |   0.0
        D:2 |      40 |       0 |   0.0 |      17 |       0 |   0.0
        D:3 |     137 |     532 |  79.5 |      20 |       3 |  13.0
        D:4 |     206 |     212 |  50.7 |      17 |       2 |  10.5
        D:5 |     682 |       0 |   0.0 |      22 |       0 |   0.0
        D:6 |     736 |       0 |   0.0 |      27 |       0 |   0.0
        D:7 |     600 |       0 |   0.0 |      16 |       0 |   0.0
            +---------+---------+-------+---------+---------+-------
